 Dungeon Crawl Stone Soup version 0.29.1-15-g9cfb28693d (webtiles) character file.

Game seed: 9902602126771933932

29 Ioian the Trooper (level 3, -13/30 HPs)
             Began as a Barachi Fighter on Mar 30, 2023.
             Mangled by a gnoll
             ... wielding a +0 halberd
              (14 damage)
             ... on level 2 of the Dungeon.
             The game lasted 00:04:59 (1757 turns).

Ioian the Trooper (Barachi Fighter)                 Turns: 1757, Time: 00:04:59

Health: -13/30     AC:  9    Str: 19    XL:     3   Next: 16%
Magic:  3/3        EV:  7    Int:  8    God:
Gold:   84         SH:  4    Dex: 11    Spells: 2/2 levels left

rFire   . . .      SeeInvis .   a - +0 long sword
rCold   . . .      Faith    .   c - +0 buckler
rNeg    . . .      Spirit   .   l - +0 chain mail
rPois   .          Reflect  .   (no helmet)
rElec   .          Harm     .   (no cloak)
rCorr   .          Rampage  .   (no gloves)
Will    .....                   (no boots)
Stlth   ..........              (no amulet)
HPRegen 0.10/turn               (no ring)
MPRegen 0.08/turn               (no ring)

@: slow
A: amphibious, slowness 1, strong legs 1, +LOS
a: Hop


You were on level 2 of the Dungeon.
You visited 1 branch of the dungeon, and saw 2 of its levels.

You collected 84 gold pieces.

Inventory:

Hand Weapons
 a - a +0 long sword (weapon)
Armour
 b - a +0 scale mail
 c - a +0 buckler (worn)
 l - a +0 chain mail (worn)
Jewellery
 m - a ring of wizardry
 o - a ring of fire
Scrolls
 f - a scroll of identify {unknown}
 h - a scroll of fear {unknown}
 i - a scroll of noise {unknown}
 j - a scroll of amnesia {unknown}
 k - 2 scrolls of blinking {unknown}
Potions
 d - 2 potions of might
 e - a potion of lignification {unknown}
 g - a potion of berserk rage {unknown}
 n - a potion of cancellation {unknown}


   Skills:
 + Level 3.9 Fighting
 * Level 3.5 Long Blades
 - Level 3.7 Armour
 + Level 3.6 Shields


You had 2 spell levels left.
You didn't know any spells.
Your spell library contained the following spells:

 Spells                   Type           Power      Damage    Failure   Level
 Ensorcelled Hibernation  Hex/Ice        0%         N/A       100%        2
 Spider Form              Tmut/Pois      0%         N/A       100%        3
 Anguish                  Hex/Necr       0%         N/A       100%        4


Dungeon Overview and Level Annotations

Branches:
Dungeon (2/15)

Altars:


Innate Abilities, Weirdness & Mutations

You are amphibious.
You cover ground slowly.
You can hop short distances.
You have an extended range of vision and can be seen from far away.


Message History

You see here a ball python corpse.
A quokka comes into view.
Found a scroll labelled FUUDUJ ROLI.
You see here a ball python corpse.
There is an open door here.
The quokka bites you.
You slash the quokka!
You kill the quokka!
There is an open door here.
You now have 78 gold pieces (gained 10).
k - 2 scrolls labelled FUUDUJ ROLI (gained 1)
A rat comes into view.
The rat closely misses you.
You hit the rat.
You kill the rat!
You now have 84 gold pieces (gained 6).
A gnoll comes into view. It is wielding a +0 halberd.
The gnoll shouts!
The gnoll throws a throwing net.
The throwing net hits you.
You become entangled in the net!
You see here a throwing net.
You struggle against the net.
The gnoll hits you from afar with a +0 halberd.
You struggle against the net.
The gnoll hits you from afar with a +0 halberd!
You struggle against the net.
The gnoll hits you from afar with a +0 halberd!
You struggle against the net.
The gnoll hits you but does no damage.
You rip the net and break free!
The gnoll throws a throwing net.
The throwing net barely misses you. The gnoll hits you with a +0 halberd!
* * * LOW HITPOINT WARNING * * *
You hit the gnoll.
The gnoll is heavily wounded.
The gnoll hits you with a +0 halberd.
* * * LOW HITPOINT WARNING * * *
You hit the gnoll.
The gnoll is almost dead.
The gnoll hits you with a +0 halberd!
You die...

#.####.######.#.#
#...............#
#.####........#. #.##..##.#
#..#.....# #####.#.#####
#...g.#......g#
#.#g############.. #.#@#
#.#.### # #####
#.#(..#.#...#<#
#.###.#.#.#...# #####.#
#.#.....#..
###.....###.....#.#.######
#>........................
##.........................
#........###########.#.####


You could see a gnoll.

Vanquished Creatures
  A worm (D:2)
  4 ball pythons
  4 endoplasms (D:1)
  A giant cockroach (D:1)
  2 goblins (D:1)
  A hobgoblin (D:1)
  4 quokkas
  A bat (D:1)
  3 kobolds (D:1)
  3 rats
24 creatures vanquished.

Notes
Turn   | Place    | Note
-------+----------+-------------------------------------------
     0 | D:1      | Ioian the Barachi Fighter began the quest for the Orb.
     0 | D:1      | Reached XP level 1. HP: 18/18 MP: 1/1
   376 | D:1      | Reached XP level 2. HP: 24/25 MP: 2/2
   816 | D:1      | Found a faded altar of an unknown god.
  1415 | D:2      | Reached XP level 3. HP: 26/30 MP: 3/3
  1756 | D:2      | HP: 1/30 [gnoll/+0 halberd (3)]
  1757 | D:2      | Mangled by a gnoll

Illustrated notes

Levels and vault maps discovered:
D:1:      saegor_arrival_under_anarchy, layout_loops_ring,
          shapermc_ecumenical_altar_hornbeckon, minivault_11
D:2:      layout_basic, serial_shops, shop, minmay_misc_feat_rugged,
          uniq_terence

Skill      XL: |  1  2 |
---------------+-------+-----
Long Blades    | 3 |  3.5
Fighting       | |  3.9
Armour         | |  3.7
Shields        | |  3.6

Action                   || total
-------------------------++-------
Melee: Long sword        ||    78
Armor: Scale mail        ||    20
       Chain mail        ||    10
Dodge: Dodged            ||    32
Block: Buckler           ||    13
